[Event "Titled Tuesday Blitz May 24 Early 2022"]
[White "Vakhlamov, Igor L."]
[Black "Nguyen, Quoc Hy"]
[WhiteFideId "24126748"]
[BlackFideId "12410853"]
[WhiteElo "2401"]
[BlackElo "1938"]
[Result "1-0"]
[Round "11"]
[TimeControl "180+1"]
[Date "2022.05.24"]
[WhiteClock "0:00:21"]
[BlackClock "0:00:09"]

1. e4 c5 2. Nf3 d6 3. Nc3 Nf6 4. d4 cxd4 5. Qxd4 a6 6. e5 Nc6 7. Qa4 dxe5 8. Nxe5 Bd7 9. Nxd7 Qxd7 10. Be3 e6 11. Rd1 Qc8 12. g3 Be7 13. Bg2 O-O 14. O-O b5 15. Qf4 Rb8 16. a3 Na5 17. Ba7 Rb7 18. Bxb7 Qxb7 19. Bd4 Nc4 20. Nb1 Rc8 21. Nd2 Bd6 22. Qh4 e5 23. Nxc4 Rxc4 24. Rfe1 h6 25. c3 exd4 26. Rxd4 Qc6 27. Red1 Rxd4 28. Qxd4 Bc5 29. Qf4 Ne4 30. Rd8+ Kh7 31. Qf5+ Qg6 32. Qxg6+ Kxg6 33. Ra8 Bxf2+ 34. Kg2 f5 35. Rxa6+ Kg5 36. Ra5 Be3 37. Rxb5 h5 38. a4 g6 39. a5 h4 40. gxh4+ Kxh4 41. a6 f4 42. Rb7 Kg4 43. h3+ Kh4 44. a7 Nd2 45. Rh7+ Kg5 46. a8=Q f3+ 47. Qxf3 Nxf3 48. Kxf3 1-0


[Site "https://www.chess.com"]

[Event "Titled Tuesday Blitz May 24 Early 2022"]
[White "Vignesh, N R"]
[Black "Domingo Nunez, Ruben"]
[WhiteFideId "25012215"]
[BlackFideId "22245570"]
[WhiteElo "2363"]
[BlackElo "2376"]
[Result "1-0"]
[Round "11"]
[TimeControl "180+1"]
[Date "2022.05.24"]
[WhiteClock "0:01:00"]
[BlackClock "0:00:06"]

1. d4 d6 2. e4 Nd7 3. Bc4 Nb6 4. Bb3 e6 5. a4 a5 6. Nf3 Be7 7. O-O Nf6 8. Qe2 c5 9. dxc5 dxc5 10. Bf4 O-O 11. Rd1 Qe8 12. Nc3 c4 13. Bxc4 Nxc4 14. Qxc4 Ra6 15. Nb5 Rc6 16. Qe2 Bd7 17. Ne5 Rc5 18. Nxd7 Nxd7 19. c3 e5 20. Be3 Rc6 21. Rd5 Bf6 22. Nd6 Qb8 23. Nc4 Qc7 24. Nxa5 Ra6 25. Rad1 Nb8 26. Rc5 Qe7 27. Rb5 Qe8 28. Bc5 Be7 29. Bxe7 Qxe7 30. Rxb7 Qc5 31. Rxb8 Rxb8 32. Qxa6 1-0


[Site "https://www.chess.com"]

[Event "Titled Tuesday Blitz May 24 Early 2022"]
[White "Vittorino, Carlo Giovanni"]
[Black "De Arruda, Leandro Formes"]
[WhiteFideId "4401247"]
[BlackFideId "22722009"]
[WhiteElo "2233"]
[BlackElo "1852"]
[Result "1-0"]
[Round "11"]
[TimeControl "180+1"]
[Date "2022.05.25"]
[WhiteClock "0:00:12"]
[BlackClock "0:00:03"]

1. d4 d5 2. c4 e6 3. Nf3 Nf6 4. g3 c6 5. Qc2 Be7 6. Bg2 Nbd7 7. O-O O-O 8. Nbd2 b6 9. b3 Bb7 10. Bb2 Rc8 11. Rac1 c5 12. Rfd1 cxd4 13. Nxd4 a6 14. Qb1 Qe8 15. e4 dxe4 16. Nxe4 Nxe4 17. Bxe4 Bxe4 18. Qxe4 Nf6 19. Qe2 Bc5 20. Rd3 Rd8 21. Rcd1 b5 22. cxb5 axb5 23. R3d2 Rd5 24. Nxb5 Bxf2+ 25. Qxf2 Qxb5 26. Bxf6 Rf5 27. Qe2 Qxe2 28. Rxe2 Rxf6 29. b4 h6 30. a4 Rb8 31. b5 Rf3 32. Re4 Ra3 33. Rd2 f5 34. Rb4 Kf7 35. b6 Kf6 36. b7 Ke7 37. Kf2 e5 38. Rd5 e4 39. Rxf5 e3+ 40. Ke2 Kd7 41. Re5 Kc7 42. Rxe3 Ra2+ 43. Kf3 Rxh2 44. Re7+ Kc6 45. Rxg7 Rh5 46. g4 Ra5 47. Rg6+ Kc7 48. Rxh6 Ra7 49. g5 Rf8+ 50. Rf6 Rg8 51. g6 Kb8 52. Kf4 Rxb7 53. Rxb7+ Kxb7 54. Kg5 Ra8 55. g7 Rxa4 56. Kg6 Ra1 57. g8=Q Rg1+ 58. Kf7 Rxg8 59. Kxg8 1-0


[Site "https://www.chess.com"]

[Event "Titled Tuesday Blitz May 24 Early 2022"]
[White "Wagner, Dennis"]
[Black "Vasquez Schroeder, Rodrigo"]
[WhiteFideId "24650684"]
[BlackFideId "3400042"]
[WhiteElo "2355"]
[BlackElo "2567"]
[Result "1-0"]
[Round "11"]
[TimeControl "180+1"]
[Date "2022.05.24"]
[WhiteClock "0:00:12"]
[BlackClock "0:00:08"]

1. e4 c5 2. c3 Nf6 3. e5 Nd5 4. Nf3 d6 5. exd6 Qxd6 6. d4 cxd4 7. Qxd4 Nc6 8. Bb5 Bd7 9. Bxc6 Bxc6 10. Ne5 f6 11. Nxc6 Qxc6 12. O-O e5 13. Qg4 Bc5 14. Qxg7 O-O-O 15. Qg4+ Kb8 16. Qf3 Rhg8 17. c4 Nf4 18. Qxc6 Ne2+ 19. Kh1 bxc6 20. Be3 Bxe3 21. fxe3 Rd3 22. Re1 Rgd8 23. Na3 Rd2 24. c5 Rxb2 25. Nc4 Rc2 26. Rab1+ Kc7 27. Nd6 Rb8 28. Rxb8 Kxb8 29. Rb1+ Ka8 30. Ne8 a5 31. Nxf6 Nc3 32. Rf1 Nxa2 33. Nxh7 Rc1 34. Kg1 a4 35. Nf6 a3 36. Ne4 Rc4 37. Ra1 Rc1+ 38. Rxc1 Nxc1 39. Nc3 a2 40. Nxa2 Nxa2 41. h4 Nc3 42. h5 Ne4 43. h6 Ng5 44. Kf2 Kb7 45. Kg3 Kc7 46. Kg4 Nf7 47. h7 Kd7 48. Kf5 Ke7 49. Kg6 Ke6 50. g4 Ke7 51. Kg7 e4 52. g5 Ke6 53. g6 1-0


[Site "https://www.chess.com"]

[Event "Titled Tuesday Blitz May 24 Early 2022"]
[White "Warchol, Kamil"]
[Black "Martinez, Shawn"]
[WhiteFideId "21858241"]
[BlackFideId "2039770"]
[WhiteElo "1951"]
[BlackElo "2174"]
[Result "1-0"]
[Round "11"]
[TimeControl "180+1"]
[Date "2022.05.25"]
[WhiteClock "0:00:05"]
[BlackClock "0:00:05"]

1. e4 c5 2. Nf3 e6 3. b3 a6 4. Bb2 Nc6 5. c4 d6 6. d4 cxd4 7. Nxd4 Nf6 8. Nc3 Bd7 9. Be2 Be7 10. O-O O-O 11. Qd2 Rc8 12. Rfd1 Qc7 13. Rac1 Rfd8 14. f3 Be8 15. Kh1 d5 16. exd5 exd5 17. Nxc6 Bxc6 18. Nxd5 Nxd5 19. cxd5 Rxd5 20. Qc2 Rxd1+ 21. Rxd1 Rd8 22. Rf1 Qf4 23. Bd3 h5 24. Bh7+ Kh8 25. Qf5 Qxf5 26. Bxf5 Rd2 27. Bc3 Re2 28. h3 Kg8 29. Rd1 Kf8 30. a4 g6 31. Bd3 Re3 32. Bd4 Re6 33. Bc4 Rd6 34. Be2 Rd8 35. Bf2 Rxd1+ 36. Bxd1 Bb4 37. Kg1 Ke7 38. Kf1 Kd6 39. Ke2 Bd5 40. Kd3 b5 41. Bg3+ Kc6 42. axb5+ axb5 43. Kd4 Bc5+ 44. Kc3 Bg1 45. Be5 Bf2 46. Bd4 Be1+ 47. Kb2 b4 48. Be3 Bc3+ 49. Kc2 Kd6 50. Bd2 Bxd2 51. Kxd2 Ke5 52. Ke3 g5 53. g3 f5 54. f4+ gxf4+ 55. gxf4+ Kd6 56. Kd4 Bg2 57. h4 Bf1 58. Bxh5 Ke6 59. Bd1 Kf6 60. Kc5 Bd3 61. Kxb4 Be4 62. Kc5 Ke6 63. b4 Bb7 64. b5 Bg2 65. Kb6 Kd7 66. Bc2 Ke6 67. h5 Be4 68. h6 Kf6 69. Bxe4 fxe4 70. Kc7 e3 71. b6 e2 72. b7 e1=Q 73. b8=Q Qc3+ 74. Kb7 Qb4+ 75. Ka8 Qa5+ 76. Kb7 Qb5+ 77. Kc7 Qc5+ 78. Kd8 Qf8+ 79. Kc7 Qc5+ 80. Kd7 Qd5+ 81. Qd6+ Qxd6+ 82. Kxd6 Kg6 83. Ke7 Kxh6 84. f5 Kg7 85. f6+ Kg6 86. f7 Kh7 87. f8=Q 1-0


[Site "https://www.chess.com"]

[Event "Titled Tuesday Blitz May 24 Early 2022"]
[White "Yaksin, Oleg"]
[Black "Sokolovsky, Yahli"]
[WhiteFideId "24105880"]
[BlackFideId "2820242"]
[WhiteElo "2256"]
[BlackElo "1770"]
[Result "1-0"]
[Round "11"]
[TimeControl "180+1"]
[Date "2022.05.24"]
[WhiteClock "0:00:17"]
[BlackClock "0:00:07"]

1. d4 d6 2. c4 e5 3. dxe5 dxe5 4. Qxd8+ Kxd8 5. Nc3 c6 6. b3 Kc7 7. Bb2 Be6 8. O-O-O Nd7 9. g3 f6 10. Bh3 Bxh3 11. Nxh3 Nh6 12. f3 Nf5 13. g4 Nd4 14. Rhf1 Bb4 15. e3 Bxc3 16. Bxc3 Ne2+ 17. Kc2 Nxc3 18. Kxc3 Nc5 19. b4 Na4+ 20. Kb3 Nb6 21. e4 Rad8 22. c5 Nc8 23. Ng1 h5 24. g5 fxg5 25. Nh3 Rxd1 26. Rxd1 g4 27. Ng5 gxf3 28. Ne6+ Kb8 29. Rf1 Re8 30. Nxg7 Rf8 31. Nf5 Kc7 32. Rxf3 Ne7 33. Kc4 Nxf5 34. Rxf5 Rxf5 35. exf5 Kd7 36. Kd3 Ke7 37. Ke4 Kf6 38. h4 b5 39. cxb6 axb6 40. a4 Ke7 41. Kxe5 Kd7 42. f6 c5 43. bxc5 bxc5 44. Kd5 c4 45. Kxc4 Ke6 46. a5 Kxf6 47. a6 Kf5 48. a7 Kg4 49. a8=Q Kxh4 50. Qh1+ 1-0


[Site "https://www.chess.com"]

[Event "Titled Tuesday Blitz May 24 Early 2022"]
[White "Yang, Kaiqi"]
[Black "Lazavik, Denis"]
[WhiteFideId "8604398"]
[BlackFideId "13515110"]
[WhiteElo "2373"]
[BlackElo "2437"]
[Result "1-0"]
[Round "11"]
[TimeControl "180+1"]
[Date "2022.05.24"]
[WhiteClock "0:00:03"]
[BlackClock "0:00:09"]

1. d4 Nf6 2. c4 e6 3. Bf4 d5 4. cxd5 exd5 5. Nc3 c6 6. e3 Bf5 7. Nf3 Bd6 8. Bg3 O-O 9. Qb3 Bxg3 10. hxg3 Qb6 11. Qxb6 axb6 12. Nh4 Bg6 13. Nxg6 hxg6 14. Bd3 Nbd7 15. Kd2 b5 16. a3 Rfe8 17. Rh4 Nb6 18. Rah1 Kf8 19. g4 g5 20. Rh8+ Ke7 21. Rxe8+ Rxe8 22. f3 Nc8 23. Ne2 Nd6 24. Ng3 g6 25. e4 dxe4 26. fxe4 Nxg4 27. e5 Nc4+ 28. Bxc4 bxc4 29. Ne4 Rd8 30. Kc3 Rd5 31. Rh7 c5 32. Nxc5 Nxe5 33. Nxb7 Ng4 34. Nc5 Ne3 35. g3 Nf5 36. Kxc4 Rxd4+ 37. Kc3 Rg4 38. a4 Rxg3+ 39. Kb4 Rg4+ 40. Ka3 Rc4 41. b4 g4 42. a5 g3 43. Rh1 Nd6 44. a6 f5 45. Kb3 Rf4 46. a7 Rf3+ 47. Ka4 Nc8 48. Re1+ Kd8 49. Rd1+ Ke8 50. a8=Q 1-0


[Site "https://www.chess.com"]

[Event "Titled Tuesday Blitz May 24 Early 2022"]
[White "Yeletsky, Ivan"]
[Black "Avinash, Ramesh"]
[WhiteFideId "24180327"]
[BlackFideId "45018340"]
[WhiteElo "2319"]
[BlackElo "1875"]
[Result "0-1"]
[Round "11"]
[TimeControl "180+1"]
[Date "2022.05.24"]
[WhiteClock "0:00:02"]
[BlackClock "0:00:47"]

1. e4 e6 2. d4 d5 3. Nc3 Nf6 4. e5 Nfd7 5. f4 c5 6. Nf3 Nc6 7. Be3 cxd4 8. Nxd4 Bc5 9. Qd2 Nxd4 10. Bxd4 Bxd4 11. Qxd4 Qb6 12. Qxb6 Nxb6 13. a4 Bd7 14. a5 Nc8 15. Ne2 a6 16. Nd4 Na7 17. Kd2 Nc6 18. Ke3 Ke7 19. c3 g5 20. g3 Rag8 21. Be2 h5 22. Raf1 Nxa5 23. f5 Nc6 24. Nxc6+ Bxc6 25. Kd4 h4 26. fxe6 fxe6 27. Bg4 Rc8 28. b3 a5 29. Rf6 Bd7 30. Rhf1 a4 31. Rf7+ Kd8 32. Rf8+ Kc7 33. Rxh8 Rxh8 34. bxa4 Ra8 35. Bd1 Bxa4 36. Rf7+ Kc6 37. Bg4 Bb3 38. Bxe6 Ra4+ 39. Kd3 Bc4+ 40. Kd2 Ra2+ 41. Kd1 Rxh2 42. gxh4 gxh4 43. Bg4 Rg2 44. Rf4 Rg1+ 45. Kd2 b5 46. e6 Rg2+ 47. Ke3 Kd6 48. Bh3 Rg3+ 49. Rf3 Rxf3+ 50. Kxf3 d4 51. cxd4 Bxe6 52. Bf1 b4 53. Ke3 h3 0-1


[Site "https://www.chess.com"]

[Event "Titled Tuesday Blitz May 24 Early 2022"]
[White "Zemlyanskii, Ivan"]
[Black "Vajda, Levente"]
[WhiteFideId "24249971"]
[BlackFideId "1203975"]
[WhiteElo "1815"]
[BlackElo "2573"]
[Result "1-0"]
[Round "11"]
[TimeControl "180+1"]
[Date "2022.05.25"]
[WhiteClock "0:00:30"]
[BlackClock "0:00:13"]

1. d4 Nf6 2. c4 c5 3. d5 b5 4. Nf3 g6 5. Qc2 d6 6. e4 Bg7 7. cxb5 O-O 8. a4 a6 9. Nc3 axb5 10. Bxb5 Na6 11. O-O Nb4 12. Qd1 e6 13. dxe6 Bxe6 14. Bf4 d5 15. exd5 Nfxd5 16. Be5 f6 17. Bg3 Bf7 18. Ne4 Qe7 19. Nd6 Rfd8 20. Nxf7 Qxf7 21. Bc4 Kh8 22. Qb3 Qb7 23. Rfd1 Nb6 24. Bb5 N6d5 25. h4 Qe7 26. Re1 Qf8 27. Rad1 Nb6 28. Rxd8 Qxd8 29. Qf7 Qf8 30. Qb7 Rb8 31. Qxb8 1-0


[Site "https://www.chess.com"]

[Event "Titled Tuesday Blitz May 24 Early 2022"]
[White "Zhigalko, Sergei"]
[Black "Rostovtsev, Dmitry"]
[WhiteFideId "13502956"]
[BlackFideId "34278320"]
[WhiteElo "2662"]
[BlackElo "2274"]
[Result "1-0"]
[Round "11"]
[TimeControl "180+1"]
[Date "2022.05.24"]
[WhiteClock "0:00:05"]
[BlackClock "0:00:01"]

1. e4 e5 2. Nf3 Nc6 3. Bc4 Nf6 4. d3 Bc5 5. O-O d6 6. Nbd2 a6 7. c3 O-O 8. Bb3 Ba7 9. h3 h6 10. Re1 Nh5 11. Nf1 Qf6 12. Ne3 Nf4 13. Nd5 Nxd5 14. Bxd5 Be6 15. Bxe6 fxe6 16. Be3 Bxe3 17. Rxe3 Rf7 18. Qb3 b6 19. Rf1 Ne7 20. d4 Ng6 21. g3 Raf8 22. Kg2 exd4 23. cxd4 e5 24. dxe5 dxe5 25. Rd1 Kh7 26. Rd2 a5 27. Qd1 Qe6 28. a4 Kh8 29. Qb3 Qf6 30. Qd5 Qe7 31. Rc3 Qf6 32. Rdc2 Kh7 33. Qb3 Kh8 34. Rd3 Kh7 35. Rcd2 Kh8 36. Qd1 Kh7 37. b3 Kh8 38. Qe2 Kh7 39. Rc2 Kh8 40. Rcc3 Kh7 41. Rc1 Qe7 42. Rf1 Kh8 43. Nd2 Kh7 44. Nc4 Qg5 45. Qg4 Qf6 46. Ne3 Ne7 47. Rd2 Ng6 48. h4 Ne7 49. h5 Kg8 50. Rd7 Qg5 51. Qxg5 hxg5 52. Ng4 Nc6 53. Rxf7 Rxf7 54. Rc1 Nd4 55. Nxe5 Re7 56. Nc6 Rxe4 57. Nxd4 Rxd4 58. Rxc7 Rd3 59. b4 Rd4 60. b5 Rxa4 61. Rc6 Rb4 62. Rxb6 a4 63. f3 a3 64. Ra6 Rxb5 65. Rxa3 Kh7 66. Kh3 Rc5 67. Kg4 Rb5 68. Ra6 Rc5 69. Rg6 Rc4+ 70. Kxg5 Rc3 71. Kg4 Rc4+ 72. f4 Rc1 73. Rg5 Rc3 74. Re5 Rd3 75. Re6 Rd4 76. Kh4 Rc4 77. Kg5 Rc3 78. g4 Rc5+ 79. f5 Rd5 80. h6 g6 81. Rxg6 Kh8 82. Re6 Rc5 83. Kg6 Rc8 84. g5 Rf8 85. f6 Rd8 86. Re7 Rg8+ 87. Kh5 Rf8 88. g6 Rg8 89. Rh7# 1-0


[Site "https://www.chess.com"]

[Event "Titled Tuesday Blitz May 24 Early 2022"]
[White "Zorbos"]
[Black "Vovk, Orest"]
[BlackFideId "14113490"]
[WhiteElo "2481"]
[BlackElo "2203"]
[Result "0-1"]
[Round "11"]
[TimeControl "180+1"]
[Date "2022.05.25"]
[WhiteClock "0:00:02"]
[BlackClock "0:00:11"]

1. Nf3 Nf6 2. d4 h6 3. Bf4 Nh7 4. Nc3 e6 5. e4 Ng5 6. Bc4 Nxf3+ 7. Qxf3 d6 8. O-O-O Be7 9. Rhe1 Bg5 10. Kb1 Bxf4 11. Qxf4 Qg5 12. Qf3 O-O 13. g3 e5 14. Qd3 Nc6 15. Nb5 Qe7 16. d5 Nb8 17. f4 a6 18. Nc3 Nd7 19. Bb3 Nc5 20. Qd2 Bg4 21. Rc1 b5 22. f5 Qg5 23. Qf2 Rab8 24. a3 a5 25. a4 bxa4 26. Bxa4 Rb4 27. b3 Rfb8 28. Ka2 Rd4 29. Bb5 Rd2 30. Qg1 Rxb5 31. Nxb5 Nd3 32. h4 Qd8 33. Qe3 Nxc1+ 34. Rxc1 Re2 35. Qd3 Qb8 36. Nc3 Rg2 37. f6 gxf6 38. Qe3 Kg7 39. Kb2 Qb4 40. Rg1 Rh2 41. Rf1 Qd4 42. Qc1 a4 43. Rxf6 Kxf6 44. Qxh6+ Ke7 45. Qg5+ Kf8 46. Qd8+ Kg7 47. Qg5+ Kh7 48. Qxg4 Qd2 49. Nxa4 Qxc2+ 50. Ka3 Qc1+ 51. Kb4 Qd2+ 52. Ka3 Rf2 53. Qd7 Qc1+ 54. Kb4 Rf3 55. h5 Qc2 56. Ka5 Qxb3 57. Qxc7 Qa3 58. Qd7 Qd3 59. g4 Qxe4 60. Nb6 Ra3+ 61. Kb5 Rb3+ 62. Kc6 Qc2+ 63. Kb7 Qf2 64. Qc7 e4 65. Kc6 Rxb6+ 66. Qxb6 Qxb6+ 0-1